 Dungeon Crawl Stone Soup version 0.23.1 (webtiles) character file.

Game seed: 100767457427043618

156 Kniotic the Changer (level 5, 0/69 HPs)
             Began as a Draconian Transmuter on Mar 5, 2019.
             Slain by a rat (1 damage)
             ... in a sewer.
             The game lasted 00:04:55 (3383 turns).

Kniotic the Changer (Draconian Transmuter)          Turns: 3383, Time: 00:04:56

Health: 0/69       AC: 22    Str: 12    XL:     5   Next: 15%
Magic:  4/8        EV:  2    Int: 14    God:
Gold:   64         SH:  0    Dex: 12    Spells: 4/8 levels left

rFire    . . .     SeeInvis .     - Unarmed
rCold    . . .     Gourm    .   (no shield)
rNeg     + + +     Faith    .   (armour unavailable)
rPois    +         Spirit   .   (helmet currently unavailable)
rElec    .         Reflect  .   (cloak currently unavailable)
rCorr    .         Harm     .   (gloves currently unavailable)
MR       .....     NoTele   +   (boots currently unavailable)
Stlth    +.........             (no amulet)
HPRegen  0.21/turn              (no ring)
MPRegen  0.11/turn              (no ring)

@: tree-form, very slow
A: unfitting armour, AC +5
a: no special abilities


You were in a sewer.
You were not hungry.
You were a tree.
You visited 1 branch of the dungeon, and saw 3 of its levels.
You also visited: Sewer.

You collected 64 gold pieces.

Inventory:

Missiles
 a - 40 arrows
Magical Staves
 n - a cursed staff of poison {unknown}
Jewellery
 d - an uncursed amulet of rage {unknown}
Scrolls
 b - 3 scrolls of teleportation {unknown}
 f - a scroll of noise {unknown}
 j - 3 scrolls of enchant weapon {unknown}
 k - a scroll of blinking {unknown}
 o - a scroll of fog {unknown}
 p - a scroll of remove curse {unknown}
 q - a scroll of enchant armour {unknown}
Potions
 e - a potion of ambrosia {unknown}
 g - 2 potions of curing {unknown}
 i - a potion of flight {unknown}
 l - 2 potions of brilliance {unknown}
 m - a potion of resistance {unknown}
 r - 3 potions of heal wounds {unknown}
Comestibles
 c - 4 rations
 s - 3 chunks of flesh


   Skills:
 + Level 3.9 Fighting
 - Level 1.7 Dodging
 - Level 3.0 Unarmed Combat
 - Level 2.0 Spellcasting
 + Level 4.0 Transmutations


You had 4 spell levels left.
You knew the following spells:

 Your Spells              Type           Power        Failure   Level  Hunger
a - Beastly Appendage     Tmut           ##....       4%          1    ##.....
b - Sticks to Snakes      Tmut           ##......     7%          2    ###....
c - Confusing Touch       Hex            #.....       24%         1    ##.....

Your spell library contained the following spells:

 Spells                   Type           Power        Failure   Level  Hunger
 Spider Form              Tmut/Pois      #.........   30%         3    ####...
 Confuse                  Hex            #.......     56%         3    ####...
 Gell's Gravitas          Tloc           #.........   56%         3    ####...
 Ice Form                 Ice/Tmut       #.......     71%         4    #####..
 Petrify                  Tmut/Erth      #.......     71%         4    #####..
 Blade Hands              Tmut           ##........   77%         5    ######.
 Yara's Violent Unravell  Hex/Tmut       #.........   96%         5    ######.
 Metabolic Englaciation   Hex/Ice        #.........   100%        5    ######.


Dungeon Overview and Level Annotations

Branches:
Dungeon (3/15)

Altars:
Gozag


Innate Abilities, Weirdness & Mutations

((Your plain brown scales are hard. (AC +5)))
You cannot fit into any form of body armour.
((You are cold-blooded and may be slowed by cold attacks.))


Message History

* * * LOW HITPOINT WARNING * * *
You closely miss the river rat. You tail-slap the river rat.
The river rat is almost dead.
The rat bites you.
* * * LOW HITPOINT WARNING * * *
The river rat twitches its whiskers.
The river rat barely misses you.
You hit the river rat but do no damage. Your headbutt misses the river rat.
The river rat is almost dead.
The rat misses you. The river rat bites you!
* * * LOW HITPOINT WARNING * * *
Really quaff the potion of lignification?
Your horns disappear.
You turn into a tree.
Your roots penetrate the ground.
The rat bites you but does no damage. The river rat bites you.
* * * LOW HITPOINT WARNING * * *
You smack the river rat!
You kill the river rat!
The rat bites you.
You die...

##... #####.. #..'...
#..#... ####... #
##################....
##.#≈≈≈≈≈#≈≈≈≈≈≈≈≈≈......
....≈≈≈≈≈≈≈.≈≈≈≈≈≈≈......
...≈≈≈≈≈♣÷(≈≈≈≈≈≈≈≈≈.....
....≈≈≈†r..≈≈≈≈≈≈≈≈≈....#
....≈≈≈≈≈÷÷≈≈≈≈≈≈≈≈≈...##
....≈≈≈≈≈#≈#≈≈≈≈≈≈≈#.###
r.#################### .


You could see a rat.

Vanquished Creatures
  3 adders
  3 river rats (Sewer)
  An ooze (Sewer)
  2 worms
  A dart slug (D:1)
  2 leopard geckos
  4 giant cockroaches
  11 hobgoblins
  13 jackals
  3 kobolds (D:1)
  A quokka (D:2)
  2 ball pythons (Sewer)
  6 bats
  4 frilled lizards
  8 goblins
  24 rats
88 creatures vanquished.

Vanquished Creatures (collateral kills)
  A worm (D:2)
  A rat (Sewer)
2 creatures vanquished.

Grand Total: 90 creatures vanquished

Notes
Turn   | Place    | Note
-------+----------+-------------------------------------------
     0 | D:1      | Kniotic the Draconian Transmuter began the quest for the
                  | Orb.
     0 | D:1      | Reached XP level 1. HP: 16/16 MP: 3/3
   108 | D:1      | Reached XP level 2. HP: 3/24 MP: 5/5
   822 | D:1      | Learned a level 2 spell: Sticks to Snakes
   934 | D:1      | Reached XP level 3. HP: 24/30 MP: 6/6
  1031 | D:1      | Reached skill level 3 in Transmutations
  1954 | D:2      | Learned a level 1 spell: Confusing Touch
  1992 | D:2      | Reached XP level 4. HP: 38/38 MP: 7/7
  2600 | D:2      | Found an opulent altar of Gozag.
  2646 | D:3      | Found a glowing drain.
  2674 | Sewer    | Entered a sewer
  3340 | Sewer    | Reached XP level 5. HP: 46/46 MP: 2/8
  3342 | Sewer    | Reached skill level 4 in Transmutations
  3382 | Sewer    | HP: 1/69 [river rat (5)]
  3383 | Sewer    | Slain by a rat

Skill      XL: |  1  2  3  4  5 |
---------------+----------------+-----
Fighting       | 2 3 |  3.9
Transmutations | 3 4 |  4.0
Dodging        | |  1.7
Unarmed Combat | |  3.0
Spellcasting   | |  2.0

Action                   |  1- 3 |  4- 6 || total
-------------------------+-------+-------++-------
Melee: Unarmed           |   213 |   157 ||   370
       Tailslap          |    16 |    15 ||    31
       Headbutt          |     1 |     3 ||     4
       Kick              |    16 |    12 ||    28
       Punch             |     1 |     1 ||     2
 Cast: Beastly Appendage |     4 |     6 ||    10
       Sticks to Snakes  |       |     6 ||     6
  Use: Potion            |       |     2 ||     2
 Stab: Sleeping          |     1 |       ||     1
  Eat: Chunk             |     4 |     5 ||     9
Armor: Skin              |    66 |   106 ||   172
Dodge: Dodged            |   154 |   146 ||   300
